 Seeded DCSS version 0.31-a0-557-g6e16503903 (webtiles) character file.

Game seed: 16161720884980326079 (custom seed)

22246 innerfire43 the Grappler (level 12, -7/94 HPs)
             Began as a Gnoll Shapeshifter on Aug 16, 2023.
             Was the Champion of Jiyva.
             Killed from afar by a rime drake (19 damage)
             ... with an icy flash freeze
             ... on level 3 of the Lair of Beasts.
             The game lasted 00:15:58 (8178 turns).

innerfire43 the Grappler (Gnoll Shapeshifter)       Turns: 8178, Time: 00:15:59

Health: -7/94      AC: 13    Str: 16    XL:     12   Next: 98%
Magic:  0/23       EV: 21    Int: 13    God:    Jiyva [******]
Gold:   313        SH:  0    Dex: 27    Spells: 24/26 levels left

rFire   + +          .
                       - Unarmed
rCold   x . .        a - melded +2 buckler "Fofrif" {rF+ rC+ Str+5}
rNeg    . . .        y - +3 leather armour
rPois   .            j - +2 helmet "Paunutas" {rC- Will++ Dex+4 SInv}
rElec   .            h - +1 cloak
rCorr   +            (no gloves)
SInv    +            (no boots)
Will    ++...        f - amulet of guardian spirit
Stlth   ++           o - ring of flight
HPRegen 1.95/turn    z - +6 ring of intelligence
MPRegen 0.68/turn

%: guardian spirit
@: flux-form, flying, glowing
A: glow, contaminating, fangs 1, strong nose, distributed training, thin
skeletal structure 1, agile 2, fire resistance 2, shaggy fur 1, eyeballs 2,
MP-powered wands, sturdy frame 3, engulf
a: Begin Untransformation, Renounce Religion, Oozemancy, Slimify


You were on level 3 of the Lair of Beasts.
You worshipped Jiyva.
Jiyva was exalted by your worship.
You were something dangerously unstable.
You visited 2 branches of the dungeon, and saw 12 of its levels.
You also visited: Ossuary.

You collected 391 gold pieces.
You spent 78 gold pieces at shops.

Inventory:

Missiles
 l - a throwing net
Armour
 a - the +2 buckler "Fofrif" (melded) {rF+ rC+ Str+5}
   (You acquired it on level 6 of the Dungeon)

   Str+5:     It affects your strength (+5).
   rF+:       It protects you from fire.
   rC+:       It protects you from cold.
 h - a +1 cloak (worn)
 j - the +2 helmet "Paunutas" (worn) {rC- Will++ Dex+4 SInv}
   (You took it off Robin on level 2 of the Dungeon)

   Dex+4:     It affects your dexterity (+4).
   rC-:       It makes you vulnerable to cold.
   Will++:    It greatly increases your willpower.
   SInv:      It lets you see invisible.
 y - a +3 leather armour (worn)
Jewellery
 f - an amulet of guardian spirit (around neck)
 k - an amulet of magic regeneration
 o - a ring of flight (left hand)
 p - a ring of protection from fire
 z - a +6 ring of intelligence (right hand)
Talismans
 c - a beast talisman
 d - a flux talisman (active)
 F - a blade talisman
Wands
 q - a wand of flame (18)
 A - a wand of mindburst (5)
Scrolls
 g - 2 scrolls of amnesia {unknown}
 i - 2 scrolls of fog {unknown}
 m - 2 scrolls of enchant armour {unknown}
 r - 6 scrolls of teleportation {unknown}
 s - 2 scrolls of revelation {unknown}
 t - 3 scrolls of immolation {unknown}
 D - a scroll of enchant weapon
Potions
 b - a potion of lignification
 e - a potion of haste
 n - 3 potions of curing
 u - 3 potions of mutation {unknown}
 v - 3 potions of degeneration {unknown}
 w - 2 potions of magic {unknown}
 x - 2 potions of brilliance
 C - 2 potions of might {unknown}
 G - a potion of cancellation {unknown}
Miscellaneous
 B - a condenser vane (inert)
 E - a lightning rod (4/4)


   Skills:
 + Level 8.4 Fighting
 + Level 7.9 Short Blades
 + Level 7.9 Long Blades
 + Level 7.9 Axes
 + Level 7.9 Maces & Flails
 + Level 7.9 Polearms
 + Level 7.9 Staves
 + Level 7.9 Ranged Weapons
 + Level 7.9 Throwing
 + Level 7.9 Armour
 + Level 9.2 Dodging
 + Level 7.9 Stealth
 + Level 7.9 Shields
 + Level 10.3 Unarmed Combat
 + Level 7.9 Spellcasting
 + Level 6.6 Conjurations
 + Level 6.6 Hexes
 + Level 6.6 Summonings
 + Level 6.6 Necromancy
 + Level 6.6 Translocations
 + Level 6.6 Transmutations
 + Level 6.6 Fire Magic
 + Level 6.6 Ice Magic
 + Level 6.6 Air Magic
 + Level 6.6 Earth Magic
 + Level 6.6 Poison Magic
 + Level 8.7 Invocations
 + Level 7.9 Evocations
 + Level 9.4 Shapeshifting


You had 24 spell levels left.
You knew the following spells:

 Your Spells              Type           Power      Damage    Failure   Level
a - Momentum Strike       Conj/Tloc      44%        3d9       1%          2

Your spell library contained the following spells:

 Spells                   Type           Power      Damage    Failure   Level
 Lesser Beckoning         Tloc           44%        N/A       1%          2
 Poisonous Vapours        Pois/Air       44%        N/A       1%          2
 Mephitic Cloud           Conj/Pois/Air  22%        N/A       2%          3
 Portal Projectile        Hex/Tloc       44%        N/A       2%          3
 Teleport Other           Tloc           22%        N/A       2%          3
 Freezing Cloud           Conj/Ice/Air   11%        6-21      26%         5
 Summon Forest            Summ/Tloc      11%        N/A       26%         5


Dungeon Overview and Level Annotations

Branches:
Dungeon (9/15)               Lair (3/5) D:9          Shoals (0/4) Lair:3
  Snake (0/4) Lair:2      Ossuary (visited)
 Temple: D:4-7          Orc: D:9-12

Altars:
Gozag
Makhleb
Nemelex Xobeh
Okawaru
Ru
Sif Muna
Xom
Zin
The Shining One
Jiyva

Shops:
D:4 !   D:6 *


Innate Abilities, Weirdness & Mutations

You are something dangerously unstable.
You glow with magical radiation, making you easy to see and hit.
Foes you strike become dangerously contaminated with magical radiation.
You are incapable of wielding weapons or throwing items.
You have very sharp teeth.
Your uncanny sense of smell can sniff out nearby items.
Your experience applies equally to all skills.
You have a somewhat thin skeletal structure. (Dex +2, Stealth+)
You are very agile. (Dex +8, Str/Int -2)
Your flesh is very heat resistant. (rF++)
You are covered in fur. (AC +1)
Your body has grown many eyes which may confuse attackers. (Acc +5)
You expend magic power (3 MP) to strengthen your wands.
Your movements are significantly less encumbered by armour. (ER -6)
Your melee attacks may engulf your foes in ooze.


Message History

The eight-headed hydra closely misses you.
The eight-headed hydra completely misses you. x2
Clouds condense from the air!
The condenser dries out!
A wolf comes into view.
The rime drake barely misses you.
The elephant is engulfed in noxious fumes.
The polar bear misses the alligator.
The polar bear claws the alligator but does no damage. x2
The alligator is engulfed in blazing flames.
The alligator bites you.
* * * LOW HITPOINT WARNING * * *
The alligator completely misses you.
The death yak is engulfed in noxious fumes.
The death yak is engulfed in blazing flames.
The death yak misses you.
You feel better. The ice encasing you melts away.
The rime drake bites you but does no damage.
The alligator is engulfed in blazing flames.
The alligator misses you.
The eyeballs on your body gaze at the alligator.
The alligator tail-slaps you but does no damage.
The rime drake is engulfed in blazing flames.
You kill the rime drake!
The eight-headed hydra barely misses you.
The eight-headed hydra completely misses you. x2
The eight-headed hydra bites you but does no damage.
The eight-headed hydra bites you.
* * * LOW HITPOINT WARNING * * *
The eight-headed hydra bites you but does no damage.
The eight-headed hydra barely misses you.
The eight-headed hydra bites you but does no damage.
The death yak is engulfed in blazing flames.
The polar bear is engulfed in a cloud of scalding steam.
The death yak is engulfed in blazing flames.
The death yak gores you.
* * * LOW HITPOINT WARNING * * *
The rime drake breathes ice at you. The icy flash freeze hits you!!
You feel a painful chill!
You die...

#≈≈≈~≈≈≈≈≈≈#
#≈≈~...~≈≈≈#
##≈≈.....≈≈≈##### ##
#≈≈≈..#......##.###P
#≈≈~..#.............
∆∆#≈~..###.........#..
∆∆#§§h.###..†...).....
∆∆#≈§tk§###....##.....
∆∆#§≈B§F##P.......###.
##§DY.###......## ##
#≈§≈..###....##
#§Y§Y...##.### ##
#.......#
Y≈§§§§§##..P# #.
.......P##
≈≈≈≈≈§§..#P..## ##.
.........#
~h≈≈≈≈§~§.##...####..
.P....P.#
~≈≈≈≈≈~≈.≈##.........
........# #....P...#


You could see 3 death yaks, an alligator (swift, confused), an eight-headed
hydra (confused, misshapen), an elephant, a polar bear (confused), a rime drake
(catching breath), a wolf (wandering) and a bullfrog.

Vanquished Creatures
  The ghost of wormstring the Grappler, a journeyman DrSh of Gozag (Lair:1)
  2 hydras
  9 elephants (Lair:3)
  A merfolk siren (Lair:3)
  7 black mambas
  2 cane toads (Lair:3)
  The ghost of wormstring the Mimic, a novice FeCK of Xom (Lair:1)
  A rime drake (Lair:3)
  5 komodo dragons
  A troll (D:5)
  12 blink frogs
  A shadow (D:9)
  A wyvern (Lair:3)
  A wraith (D:9)
  29 yaks
  A basilisk (Lair:3)
  3 steam dragons
  3 nagas (Lair:2)
  An acid dragon (D:8)
  7 water moccasins
  2 orc warriors
  An ice beast (D:5)
  4 black bears
  A kobold brigand (D:9)
  2 elf zombies (Ossuary)
  8 bullfrogs
  A gnoll sergeant (D:8)
  A scorpion (Lair:3)
  6 wights (D:9)
  9 killer bees
  2 electric eels
  4 howler monkeys
  A crimson imp (D:6)
  A human zombie (Ossuary)
  2 hounds
  4 orc priests
  A gnoll bouda (D:7)
  Crazy Yiuf (D:2)
  Jessica (D:2)
  2 iguanas
  Terence (D:2)
  2 sleepcaps (D:5)
  6 orc wizards
  4 mummies (Ossuary)
  Robin (D:2)
  5 adders
  10 gnolls
  A shadow imp (D:8)
  3 white imps
  An ufetubus (D:4)
  3 worms (D:2)
  2 dart slugs
  36 orcs
  A bat (D:3)
  An endoplasm (D:1)
  A giant cockroach (D:2)
  10 hobgoblins
  4 jackals
  12 kobolds
  A quokka (D:1)
  4 ball pythons
  3 frilled lizards
  A gnoll zombie (Ossuary)
  17 goblins
  A goblin skeleton (D:6)
  4 goblin zombies
  7 hobgoblin zombies
  A kobold skeleton (D:6)
  2 kobold zombies (D:6)
  An orc zombie (D:6)
  3 rats
  2 rat zombies (Ossuary)
294 creatures vanquished.

Vanquished Creatures (collateral kills)
  The ghost of croobank the Spear-Bearer, a journeyman DsFE of Gozag (Lair:1)
  A rime drake (Lair:1)
2 creatures vanquished.

Vanquished Creatures (others)
  A basilisk (Lair:1)
  An orc warrior (D:7)
  3 bullfrogs
  A scorpion (D:7)
  21 jellies
  2 orc wizards (D:7)
  A gnoll (D:8)
  A white imp (D:7)
  An ufetubus (D:4)
  11 orcs
  A giant cockroach (D:3)
  3 goblins (D:4)
  2 kobolds
  A quokka (D:4)
  A ball python (D:3)
51 creatures vanquished.

Grand Total: 347 creatures vanquished

Notes
Turn   | Place    | Note
-------+----------+-------------------------------------------
     0 | D:1      | innerfire43 the Gnoll Shapeshifter began the quest for the
                  | Orb.
     0 | D:1      | Reached XP level 1. HP: 17/17 MP: 1/1
   103 | D:1      | Found a faded altar of an unknown god.
   150 | D:1      | Reached XP level 2. HP: 21/23 MP: 2/2
   164 | D:1      | Prayed at the altar of an unknown god.
   164 | D:1      | Became a worshipper of Jiyva Jaunito the Shapeless
   164 | D:1      | Reached * piety under Jiyva
   519 | D:2      | Noticed Terence
   525 | D:2      | Killed Terence
   526 | D:2      | Reached skill level 1 in Invocations
   526 | D:2      | Reached XP level 3. HP: 25/28 MP: 2/4
   595 | D:2      | Reached skill level 1 in Short Blades
   595 | D:2      | Reached skill level 1 in Long Blades
   595 | D:2      | Reached skill level 1 in Axes
   595 | D:2      | Reached skill level 1 in Maces & Flails
   595 | D:2      | Reached skill level 1 in Polearms
   595 | D:2      | Reached skill level 1 in Staves
   595 | D:2      | Reached skill level 1 in Ranged Weapons
   595 | D:2      | Reached skill level 1 in Throwing
   595 | D:2      | Reached skill level 1 in Armour
   595 | D:2      | Reached skill level 1 in Stealth
   595 | D:2      | Reached skill level 1 in Shields
   595 | D:2      | Reached skill level 1 in Spellcasting
   595 | D:2      | Reached skill level 1 in Evocations
   656 | D:2      | Reached XP level 4. HP: 34/34 MP: 5/5
   666 | D:2      | Reached ** piety under Jiyva
   758 | D:2      | Identified the +2 helmet "Paunutas" {rC- Will++ Dex+4 SInv}
   758 | D:2      | Noticed Robin
   770 | D:2      | Reached skill level 1 in Conjurations
   770 | D:2      | Reached skill level 1 in Hexes
   770 | D:2      | Reached skill level 1 in Summonings
   770 | D:2      | Reached skill level 1 in Necromancy
   770 | D:2      | Reached skill level 1 in Translocations
   770 | D:2      | Reached skill level 1 in Transmutations
   770 | D:2      | Reached skill level 1 in Fire Magic
   770 | D:2      | Reached skill level 1 in Ice Magic
   770 | D:2      | Reached skill level 1 in Air Magic
   770 | D:2      | Reached skill level 1 in Earth Magic
   770 | D:2      | Reached skill level 1 in Poison Magic
   788 | D:2      | Killed Robin
   864 | D:2      | Reached XP level 5. HP: 40/40 MP: 5/7
   867 | D:2      | Noticed Jessica
   874 | D:2      | Killed Jessica
   968 | D:2      | Found a runed translucent door.
   969 | D:2      | Noticed Crazy Yiuf
   978 | D:2      | Killed Crazy Yiuf
  1497 | D:3      | Identified the +5 dagger of the King {flame, Fly rC+++
                  | Str-5 Dex-4}
  1508 | D:3      | Reached *** piety under Jiyva
  1812 | D:5      | Entered Level 5 of the Dungeon
  1822 | D:5      | Reached XP level 6. HP: 47/47 MP: 8/8
  1823 | D:5      | Noticed a troll
  1829 | D:5      | Killed a troll
  1830 | D:5      | Reached skill level 5 in Dodging
  1830 | D:5      | Reached XP level 7. HP: 22/52 MP: 4/10
  1841 | D:5      | Reached skill level 7 in Unarmed Combat
  1861 | D:4      | Gained mutation: You expend magic power (3 MP) to
                  | strengthen your wands. [Jiyva's grace]
  1861 | D:4      | Gained mutation: Your melee attacks may engulf your foes in
                  | ooze. [Jiyva's grace]
  1861 | D:4      | Gained mutation: Your body has grown eyes which may confuse
                  | attackers. (Acc +3) [Jiyva's grace]
  1861 | D:4      | Gained mutation: Your body has grown many eyes which may
                  | confuse attackers. (Acc +5) [Jiyva's grace]
  2106 | D:4      | Found a sand-covered staircase.
  2131 | D:4      | Reached **** piety under Jiyva
  2147 | D:4      | Found Quem's Distillery.
  2153 | D:4      | Bought a potion of curing for 39 gold pieces
  2153 | D:4      | Bought a potion of curing for 39 gold pieces
  2191 | Ossuary  | Entered an ossuary
  2647 | D:4      | Found a burning altar of Makhleb.
  2647 | D:4      | Found a shimmering blue altar of Sif Muna.
  2914 | D:5      | Found a sparkling altar of Nemelex Xobeh.
  3013 | D:5      | Reached XP level 8. HP: 48/60 MP: 8/12
  3432 | D:5      | Got Pyrano's Elucidation of the Singularity
  3562 | D:6      | Identified a scroll of acquirement
  3563 | D:6      | Acquired the +2 buckler "Fofrif" {rF+ rC+ Str+5}
  3581 | D:6      | Found Zin's Purification Station.
  3583 | D:6      | Found a glowing silver altar of Zin.
  3686 | D:6      | Found a glowing golden altar of the Shining One.
  3687 | D:6      | Reached ***** piety under Jiyva
  3802 | D:6      | Gained mutation: You have a somewhat thin skeletal
                  | structure. (Dex +2, Stealth+) [Jiyva's grace]
  3802 | D:6      | Gained mutation: You have a moderately thin skeletal
                  | structure. (Dex +4, Stealth++) [Jiyva's grace]
  3802 | D:6      | Gained mutation: You have an unnaturally thin skeletal
                  | structure. (Dex +6, Stealth+++) [Jiyva's grace]
  3802 | D:6      | Gained mutation: Your movements are slightly less
                  | encumbered by armour. (ER -2) [Jiyva's grace]
  3818 | D:6      | Learned a level 2 spell: Momentum Strike
  3820 | D:6      | Found an iron altar of Okawaru.
  3967 | D:7      | Found an opulent altar of Gozag.
  4017 | D:7      | Found a shimmering altar of Xom.
  4017 | D:7      | Found a shimmering altar of Xom.
  4018 | D:7      | Found a shimmering altar of Xom.
  4018 | D:7      | Found a shimmering altar of Xom.
  4139 | D:7      | Reached XP level 9. HP: 66/66 MP: 14/14
  4347 | D:7      | Found a sacrificial altar of Ru.
  4399 | D:7      | Found a shimmering altar of Xom.
  4421 | D:7      | Identified the +1 hand axe "Worm" {speed, *Slow rPois rC+}
  4618 | D:8      | Reached skill level 5 in Fighting
  4736 | D:8      | Reached skill level 8 in Unarmed Combat
  4817 | D:8      | Reached skill level 5 in Invocations
  4987 | D:9      | Found a staircase to the Lair.
  5061 | D:9      | Reached XP level 10. HP: 56/75 MP: 17/17
  5154 | D:9      | Reached skill level 5 in Short Blades
  5154 | D:9      | Reached skill level 5 in Long Blades
  5154 | D:9      | Reached skill level 5 in Axes
  5154 | D:9      | Reached skill level 5 in Maces & Flails
  5154 | D:9      | Reached skill level 5 in Polearms
  5154 | D:9      | Reached skill level 5 in Staves
  5154 | D:9      | Reached skill level 5 in Ranged Weapons
  5154 | D:9      | Reached skill level 5 in Throwing
  5154 | D:9      | Reached skill level 5 in Armour
  5154 | D:9      | Reached skill level 5 in Stealth
  5154 | D:9      | Reached skill level 5 in Shields
  5154 | D:9      | Reached skill level 5 in Spellcasting
  5154 | D:9      | Reached skill level 5 in Evocations
  5288 | D:9      | Gained mutation: Your flesh is heat resistant. (rF+)
                  | [Jiyva's grace]
  5288 | D:9      | Gained mutation: Your flesh is very heat resistant. (rF++)
                  | [Jiyva's grace]
  5288 | D:9      | Gained mutation: Your flesh is almost immune to the effects
                  | of heat. (rF+++) [Jiyva's grace]
  5288 | D:9      | Gained mutation: Armour fits poorly on your pseudopods.
                  | [Jiyva's grace]
  5296 | D:9      | Reached ****** piety under Jiyva
  5650 | Lair:1   | Entered Level 1 of the Lair of Beasts
  5799 | Lair:1   | Noticed a black mamba
  5809 | Lair:1   | Killed a black mamba
  5887 | Lair:1   | Found a runed translucent gate.
  5888 | Lair:1   | Found a runed translucent gate.
  5889 | Lair:1   | Found a runed translucent gate.
  5890 | Lair:1   | Noticed croobank's ghost (journeyman DsFE)
  5890 | Lair:1   | Noticed wormstring's ghost (novice FeCK)
  5891 | Lair:1   | Noticed wormstring's ghost (journeyman DrSh)
  6054 | Lair:1   | Reached XP level 11. HP: 83/83 MP: 17/19
  6082 | Lair:1   | Reached skill level 9 in Unarmed Combat
  6140 | Lair:1   | Reached skill level 5 in Conjurations
  6140 | Lair:1   | Reached skill level 5 in Hexes
  6140 | Lair:1   | Reached skill level 5 in Summonings
  6140 | Lair:1   | Reached skill level 5 in Necromancy
  6140 | Lair:1   | Reached skill level 5 in Translocations
  6140 | Lair:1   | Reached skill level 5 in Transmutations
  6140 | Lair:1   | Reached skill level 5 in Fire Magic
  6140 | Lair:1   | Reached skill level 5 in Ice Magic
  6140 | Lair:1   | Reached skill level 5 in Air Magic
  6140 | Lair:1   | Reached skill level 5 in Earth Magic
  6140 | Lair:1   | Reached skill level 5 in Poison Magic
  6160 | Lair:1   | Lost mutation: You have an unnaturally thin skeletal
                  | structure. (Dex +6, Stealth+++) [Jiyva's grace]
  6160 | Lair:1   | Lost mutation: You have a moderately thin skeletal
                  | structure. (Dex +4, Stealth++) [Jiyva's grace]
  6160 | Lair:1   | Lost mutation: Your flesh is almost immune to the effects
                  | of heat. (rF+++) [Jiyva's grace]
  6160 | Lair:1   | Lost mutation: Your movements are slightly less encumbered
                  | by armour. (ER -2) [Jiyva's grace]
  6160 | Lair:1   | Gained mutation: You are agile. (Dex +4, Str/Int -1)
                  | [Jiyva's grace]
  6160 | Lair:1   | Gained mutation: You are very agile. (Dex +8, Str/Int -2)
                  | [Jiyva's grace]
  6160 | Lair:1   | Gained mutation: You have a moderately thin skeletal
                  | structure. (Dex +4, Stealth++) [Jiyva's grace]
  6160 | Lair:1   | Gained mutation: You have an unnaturally thin skeletal
                  | structure. (Dex +6, Stealth+++) [Jiyva's grace]
  6362 | Lair:1   | Killed croobank's ghost
  6367 | Lair:1   | Killed wormstring's ghost
  6370 | Lair:1   | Killed wormstring's ghost
  6407 | Lair:2   | Found a gate leading to a gauntlet.
  6409 | Lair:2   | Found a staircase to the Snake Pit.
  6568 | Lair:2   | Noticed an eight-headed hydra
  6578 | Lair:2   | Killed an eight-headed hydra
  6588 | Lair:2   | Identified the +0 leather armour of Impermeability {rF+}
  6625 | Lair:2   | Found a burning altar of Makhleb.
  6729 | Lair:2   | Reached XP level 12. HP: 82/91 MP: 19/22
  7072 | Lair:2   | Lost mutation: You have an unnaturally thin skeletal
                  | structure. (Dex +6, Stealth+++) [Jiyva's grace]
  7072 | Lair:2   | Lost mutation: You have a moderately thin skeletal
                  | structure. (Dex +4, Stealth++) [Jiyva's grace]
  7072 | Lair:2   | Lost mutation: Armour fits poorly on your pseudopods.
                  | [Jiyva's grace]
  7072 | Lair:2   | Gained mutation: Your movements are slightly less
                  | encumbered by armour. (ER -2) [Jiyva's grace]
  7072 | Lair:2   | Gained mutation: Your movements are less encumbered by
                  | armour. (ER -4) [Jiyva's grace]
  7072 | Lair:2   | Gained mutation: Your movements are significantly less
                  | encumbered by armour. (ER -6) [Jiyva's grace]
  7072 | Lair:2   | Gained mutation: You are covered in fur. (AC +1) [Jiyva's
                  | grace]
  7136 | Lair:2   | Identified the +4 chain mail of Beauty {SInv}
  7572 | Lair:3   | Noticed a seven-headed hydra
  7582 | Lair:3   | Killed a seven-headed hydra
  7648 | Lair:3   | Reached skill level 10 in Unarmed Combat
  7878 | Lair:3   | Found a staircase to the Shoals.
  8157 | Lair:3   | Noticed a death yak
  8158 | Lair:3   | Noticed an eight-headed hydra
  8158 | Lair:3   | Noticed an alligator
  8168 | Lair:3   | Noticed a death yak
  8174 | Lair:3   | Noticed a death yak
  8178 | Lair:3   | Killed from afar by a rime drake

Illustrated notes

Levels and vault maps discovered:
D:1:      nzn_arrival_settlement, layout_rooms,
          shapermc_ecumenical_altar_starsandcircs
D:2:      layout_basic, feat_on_display, uniq_jessica, uniq_robin,
          uniq_crazy_yiuf_cottage, uniq_terence
D:3:      layout_rooms, interstate_on_off, guppyfry_early_orc_mine
D:4:      layout_cave_pods, gammafunk_temple_overflow_wave, enter_ossuary_1,
          serial_shops, kennysheep_little_box
D:5:      layout_loops_ring, amcnicky_altar_gilded
D:6:      layout_basic, cheibrodos_worm_habitat, zin_purify,
          nicolae_tso_besieged_by_evil, elyvilon_altar_4,
          kennysheep_okawaru_gauntlet, minmay_temple_entry_mini_moons,
          nicolae_letterblocks [nicolae_letter_subblock,
          nicolae_letter_subblock, nicolae_letter_subblock,
          nicolae_letter_subblock, nicolae_letter_subblock,
          nicolae_letter_subblock, nicolae_letter_subblock,
          nicolae_letter_subblock, nicolae_letter_subblock,
          nicolae_letter_subblock, nicolae_letter_subblock,
          nicolae_letter_subblock, nicolae_letter_subblock,
          nicolae_letter_subblock, nicolae_letter_subblock,
          nicolae_letter_subblock, nicolae_letter_subblock,
          nicolae_letter_subblock, nicolae_letter_subblock,
          nicolae_letter_subblock, nicolae_letter_subblock,
          nicolae_letter_subblock, nicolae_letter_subblock,
          nicolae_letter_subblock, nicolae_letter_subblock]
D:7:      layout_gridville, lemuel_tele_altar, mainiacjoe_overflow_24_doors,
          xom_shifter_show, abandoned_shop
D:8:      layout_cave_pools
D:9:      layout_irregular_city, lair_entry_dummy
Lair:1:   layout_roguey, gammafunk_ghost_cemetery, serial_bayou_ford_a,
          columned_hall_lemuel
Lair:2:   cheibrodos_lair_river_kwai, layout_regular_city,
          minmay_snake_entry_guardpost_small, gauntlet_entry_generic,
          basic_altar, wad_woods_road_05
Lair:3:   layout_misc_corridors, minmay_shoals_entry_lonely_mermaid,
          nicolae_lair_lakeside_cave

Skill      XL: |  1  2  3  4  5  6  7  8  9 10 11 12 |
---------------+-------------------------------------+-----
Invocations    | 1 2 3 4 5 6 7 8 |  8.7
Short Blades   | 1 2 3 4 5 6 7 |  7.9
Long Blades    | 1 2 3 4 5 6 7 |  7.9
Axes           | 1 2 3 4 5 6 7 |  7.9
Maces & Flails | 1 2 3 4 5 6 7 |  7.9
Polearms       | 1 2 3 4 5 6 7 |  7.9
Staves         | 1 2 3 4 5 6 7 |  7.9
Ranged Weapons | 1 2 3 4 5 6 7 |  7.9
Throwing       | 1 2 3 4 5 6 7 |  7.9
Armour         | 1 2 3 4 5 6 7 |  7.9
Stealth        | 1 2 3 4 5 6 7 |  7.9
Shields        | 1 2 3 4 5 6 7 |  7.9
Spellcasting   | 1 2 3 4 5 6 7 |  7.9
Evocations     | 1 2 3 4 5 6 7 |  7.9
Conjurations   | 1 2 3 4 5 6 |  6.6
Hexes          | 1 2 3 4 5 6 |  6.6
Summonings     | 1 2 3 4 5 6 |  6.6
Necromancy     | 1 2 3 4 5 6 |  6.6
Translocations | 1 2 3 4 5 6 |  6.6
Transmutations | 1 2 3 4 5 6 |  6.6
Fire Magic     | 1 2 3 4 5 6 |  6.6
Ice Magic      | 1 2 3 4 5 6 |  6.6
Air Magic      | 1 2 3 4 5 6 |  6.6
Earth Magic    | 1 2 3 4 5 6 |  6.6
Poison Magic   | 1 2 3 4 5 6 |  6.6
Fighting       | 3 4 5 6 7 8 |  8.4
Dodging        | 5 6 7 8 9 |  9.2
Unarmed Combat | 7 8 9 10 | 10.3
Shapeshifting  | 7 8 9 |  9.4

Action                     |  1- 3 |  4- 6 |  7- 9 | 10-12 || total
---------------------------+-------+-------+-------+-------++-------
  Melee: Unarmed           |    52 |   145 |   390 |   509 ||  1096
         Bite              |     3 |     9 |    55 |    86 ||   153
         Pseudopods        |       |       |       |    93 ||    93
   Cast: Momentum Strike   |       |       |       |     2 ||     2
  Evoke: Condenser vane    |       |       |       |     1 ||     1
    Use: Potion            |       |     3 |     2 |     2 ||     7
         Scroll            |       |       |     6 |     1 ||     7
   Stab: Confused          |       |       |    10 |    40 ||    50
         Sleeping          |       |       |     2 |     4 ||     6
         Distracted        |       |       |       |     1 ||     1
 Armour: Animal skin       |     4 |    12 |       |       ||    16
         Ring mail         |       |    49 |    71 |       ||   120
         Leather armour    |       |       |    95 |   158 ||   253
  Dodge: Dodged            |    26 |   110 |   383 |   607 ||  1126
   Form: Flux              |     1 |       |     1 |       ||     2
         Beast             |       |       |     1 |       ||     1

Table legend: (Time is in decaauts)
 A = Elapsed time spent in this place.
 B = Non-inter-level travel time spent in this place.
 C = Inter-level travel time spent in this place.
 D = Time resting spent in this place.
 E = Time spent auto-exploring this place.
 F = Levels seen in this place.
 G = Mean time per level.
                   A        B        C        D        E       F      G
               +--------+--------+--------+--------+--------+-----+--------+
         Total |   7990 |   7369 |    621 |      0 |   5467 |  13 |  614.6 |
       Dungeon |   5342 |   4946 |    396 |      0 |   3822 |   9 |  593.6 |
          Lair |   2451 |   2226 |    225 |      0 |   1546 |   3 |  817.0 |
       Ossuary |    196 |    196 |      0 |      0 |     99 |   1 |  196.0 |
               +--------+--------+--------+--------+--------+-----+--------+

Top non-repeatable levels by time:
  Lair:2: 1115 daAuts
     D:4: 885 daAuts
  Lair:1: 741 daAuts
     D:5: 712 daAuts
     D:9: 663 daAuts
     D:7: 658 daAuts
     D:3: 613 daAuts
  Lair:3: 594 daAuts
     D:2: 563 daAuts
     D:1: 481 daAuts
     D:8: 386 daAuts
     D:6: 379 daAuts
 Ossuary: 196 daAuts
